TOP OF THE 1ST |
Memphis Blues batting - Pitching for Salem Silver Souls : RHP Clark Noble
|
Pitching: RHP Clark Noble
|
|
Batting: SHB Terry Dailey
|
0-0: Foul Ball, location: 2F 0-1: Ball 1-1: Foul Ball, location: 2F 1-2: Ball 2-2: Ball 3-2: Strikes out swinging
|
Batting: RHB Jaime Spiridon
|
0-0: Foul Ball, location: 2F 0-1: SINGLE (Line Drive, 9S)
|
Batting: LHB Chris Austin
|
0-0: Foul Ball, location: 2F 0-1: Ball 1-1: Ball 2-1: Foul Ball, location: 2F 2-2: Ball 3-2: Fly out, F6 (Popup, 5D)
|
Batting: LHB Arturo Rivera
|
0-0: Ball 1-0: Foul Ball, location: 2F 1-1: Called Strike 1-2: SINGLE (Groundball, 56D) Jaime Spiridon to second
|
Batting: RHB Glenn Melican
|
0-0: Ball 1-0: Swinging Strike 1-1: Foul Ball, location: 2F 1-2: Ball 2-2: Strikes out swinging
|
Top of the 1st over - 0 run(s), 2 hit(s), 0 error(s), 2 left on base; Memphis 0 - Salem 0 |
BOTTOM OF THE 1ST |
Salem Silver Souls batting - Pitching for Memphis Blues : RHP Mike Clay
|
Pitching: RHP Mike Clay
|
|
Batting: SHB Tony Yan
|
0-0: Called Strike 0-1: Ball 1-1: Ball 2-1: Swinging Strike 2-2: Strikes out swinging
|
Batting: RHB Brian Dixon
|
0-0: Called Strike 0-1: Called Strike 0-2: Ball 1-2: Foul Ball, location: 2F 1-2: Ball 2-2: Ball 3-2: Base on Balls
|
Batting: LHB Nick Scott
|
0-0: Called Strike Brian Dixon is caught stealing 2nd base 0-1: Called Strike 0-2: Ball 1-2: Ball 2-2: Ball 3-2: Foul Ball, location: 2F 3-2: Fly out, F8 (Flyball, 78M)
|
Bottom of the 1st over - 0 run(s), 0 hit(s), 0 error(s), 0 left on base; Memphis 0 - Salem 0 |
TOP OF THE 2ND |
Memphis Blues batting - Pitching for Salem Silver Souls : RHP Clark Noble
|
Batting: LHB Phil Cantrell
|
0-0: Ball 1-0: Ball 2-0: Ball 3-0: Called Strike 3-1: Called Strike 3-2: Base on Balls
|
Batting: RHB José Velázquez
|
0-0: Swinging Strike 0-1: Ball 1-1: Foul Ball, location: 2F 1-2: Ball 2-2: Strikes out swinging
|
Batting: RHB Irwin Duncan
|
0-0: Ball 1-0: Called Strike 1-1: Fielders Choice at 2nd, 5-4 (Groundball, 56)
|
Batting: RHB Juan Hernández
|
0-0: Swinging Strike 0-1: Foul Ball, location: 2F 0-2: Ball 1-2: Ground out 1-3 (Groundball, 13)
|
Top of the 2nd over - 0 run(s), 0 hit(s), 0 error(s), 1 left on base; Memphis 0 - Salem 0 |
BOTTOM OF THE 2ND |
Salem Silver Souls batting - Pitching for Memphis Blues : RHP Mike Clay
|
Batting: LHB Ezechiele Bruno
|
0-0: SINGLE (Groundball, 34D)
|
Batting: RHB Gustavo Pagán
|
0-0: Called Strike 0-1: Ball 1-1: Ball 2-1: SINGLE (Groundball, 56D) Ezechiele Bruno to second
|
Batting: SHB Jesús Sosa
|
0-0: Fly out, F7 (Flyball, 7S)
|
Batting: LHB Hamilton Hughes
|
0-0: Ball 1-0: Foul Ball, location: 2F 1-1: Ball 2-1: Ball 3-1: Base on Balls Ezechiele Bruno to third Gustavo Pagán to second
|
Batting: RHB Augusto Baiano
|
0-0: Ball 1-0: Ball 2-0: Ball 3-0: Called Strike 3-1: Base on Balls Ezechiele Bruno scores Gustavo Pagán to third Hamilton Hughes to second
|
Batting: RHB Jaime Rodríguez
|
0-0: Called Strike 0-1: Foul Ball, location: 2F 0-2: Ball 1-2: Strikes out swinging
|
Batting: SHB Tony Yan
|
0-0: Called Strike 0-1: Ball 1-1: Swinging Strike 1-2: Foul Ball, location: 2F 1-2: Ball 2-2: Ball 3-2: Base on Balls Gustavo Pagán scores Hamilton Hughes to third Augusto Baiano to second
|
Batting: RHB Brian Dixon
|
0-0: Fly out, F8 (Flyball, 8LS)
|
Bottom of the 2nd over - 2 run(s), 2 hit(s), 0 error(s), 3 left on base; Memphis 0 - Salem 2 |
TOP OF THE 3RD |
Memphis Blues batting - Pitching for Salem Silver Souls : RHP Clark Noble
|
Batting: SHB Terry Dailey
|
0-0: Called Strike 0-1: Foul Ball, location: 2F 0-2: Fly out, F8 (Flyball, 8LD)
|
Batting: RHB Jaime Spiridon
|
0-0: Ball 1-0: Ground out 6-3 (Groundball, 56)
|
Batting: LHB Chris Austin
|
0-0: Ball 1-0: Ball 2-0: Foul Ball, location: 2F 2-1: Foul Ball, location: 2F 2-2: Foul Ball, location: 2F 2-2: Ball 3-2: Base on Balls
|
Batting: LHB Arturo Rivera
|
0-0: Ball 1-0: Called Strike 1-1: Called Strike 1-2: Strikes out looking
|
Top of the 3rd over - 0 run(s), 0 hit(s), 0 error(s), 1 left on base; Memphis 0 - Salem 2 |
BOTTOM OF THE 3RD |
Salem Silver Souls batting - Pitching for Memphis Blues : RHP Mike Clay
|
Batting: LHB Nick Scott
|
0-0: Called Strike 0-1: Called Strike 0-2: Strikes out looking
|
Batting: LHB Ezechiele Bruno
|
0-0: Ball 1-0: Called Strike 1-1: Ball 2-1: Foul Ball, location: 2F 2-2: Foul Ball, location: 2F 2-2: Ball 3-2: Foul Ball, location: 2F 3-2: Foul Ball, location: 2F 3-2: Fly out, F7 (Flyball, 78M)
|
Batting: RHB Gustavo Pagán
|
0-0: Called Strike 0-1: Called Strike 0-2: Fly out, F8 (Flyball, 8RD)
|
Bottom of the 3rd over - 0 run(s), 0 hit(s), 0 error(s), 0 left on base; Memphis 0 - Salem 2 |
TOP OF THE 4TH |
Memphis Blues batting - Pitching for Salem Silver Souls : RHP Clark Noble
|
Batting: RHB Glenn Melican
|
0-0: Ball 1-0: Ball 2-0: Ball 3-0: Called Strike 3-1: Foul Ball, location: 2F 3-2: DOUBLE (Line Drive, 7LM)
|
Batting: LHB Phil Cantrell
|
0-0: Ball 1-0: Fly out, F9 (Flyball, 89D) Runner from 2nd tags up, SAFE at 3rd, no throw
|
Batting: RHB José Velázquez
|
0-0: Ball 1-0: Ground out 6-3 (Groundball, 6) Glenn Melican scores
|
Batting: RHB Irwin Duncan
|
0-0: Called Strike 0-1: Foul Ball, location: 2F 0-2: Strikes out swinging
|
Top of the 4th over - 1 run(s), 1 hit(s), 0 error(s), 0 left on base; Memphis 1 - Salem 2 |
BOTTOM OF THE 4TH |
Salem Silver Souls batting - Pitching for Memphis Blues : RHP Mike Clay
|
Batting: SHB Jesús Sosa
|
0-0: SINGLE (Flyball, 7LS)
|
Batting: LHB Hamilton Hughes
|
0-0: Ball 1-0: 2-RUN HOME RUN (Line Drive, 89XD), Distance : 420 ft
|
Batting: RHB Augusto Baiano
|
0-0: Ball 1-0: Swinging Strike 1-1: Ball 2-1: Foul Ball, location: 2F 2-2: Foul Ball, location: 2F 2-2: Strikes out swinging
|
Batting: RHB Jaime Rodríguez
|
0-0: Ball 1-0: Ground out 1-3 (Groundball, P)
|
Batting: SHB Tony Yan
|
0-0: Ball 1-0: Called Strike 1-1: Fly out, F8 (Line Drive, 8RS)
|
Bottom of the 4th over - 2 run(s), 2 hit(s), 0 error(s), 0 left on base; Memphis 1 - Salem 4 |
TOP OF THE 5TH |
Memphis Blues batting - Pitching for Salem Silver Souls : RHP Clark Noble
|
Batting: RHB Juan Hernández
|
0-0: Ground out 6-3 (Groundball, 6)
|
Batting: SHB Terry Dailey
|
0-0: Foul Ball, location: 2F 0-1: Called Strike 0-2: Ball 1-2: Fly out, F6 (Popup, 56D)
|
Batting: RHB Jaime Spiridon
|
0-0: Swinging Strike 0-1: Ball 1-1: Swinging Strike 1-2: Ball 2-2: Foul Ball, location: 2F 2-2: Strikes out swinging
|
Top of the 5th over - 0 run(s), 0 hit(s), 0 error(s), 0 left on base; Memphis 1 - Salem 4 |
BOTTOM OF THE 5TH |
Salem Silver Souls batting - Pitching for Memphis Blues : RHP Mike Clay
|
Batting: RHB Brian Dixon
|
0-0: Ball 1-0: Ball 2-0: Ball 3-0: Called Strike 3-1: Base on Balls
|
Batting: LHB Nick Scott
|
0-0: Ball 1-0: Ball 2-0: Ball 3-0: Base on Balls Brian Dixon to second
|
Batting: LHB Ezechiele Bruno
|
0-0: Called Strike 0-1: Ball 1-1: Ball 2-1: Foul Ball, location: 2F 2-2: Strikes out swinging
|
Batting: RHB Gustavo Pagán
|
0-0: Ball 1-0: Foul Ball, location: 2F 1-1: Called Strike 1-2: Strikes out swinging
|
Batting: SHB Jesús Sosa
|
0-0: Ball 1-0: Ball 2-0: Called Strike 2-1: Ball 3-1: Base on Balls Brian Dixon to third Nick Scott to second
|
Pitching: LHP António Dávila
|
|
Batting: LHB Hamilton Hughes
|
0-0: Called Strike 0-1: Ball 1-1: Called Strike 1-2: Fly out, F7 (Flyball, 78M)
|
Bottom of the 5th over - 0 run(s), 0 hit(s), 0 error(s), 3 left on base; Memphis 1 - Salem 4 |
TOP OF THE 6TH |
Memphis Blues batting - Pitching for Salem Silver Souls : RHP Clark Noble
|
Pitching: RHP António Rodríguez
|
|
Batting: LHB Chris Austin
|
0-0: Called Strike 0-1: Foul Ball, location: 2F 0-2: Ball 1-2: Strikes out swinging
|
Batting: LHB Arturo Rivera
|
0-0: Ball 1-0: Foul Ball, location: 2F 1-1: Swinging Strike 1-2: Foul Ball, location: 2F 1-2: Foul Ball, location: 2F 1-2: Ball 2-2: Ball 3-2: Strikes out looking
|
Batting: RHB Glenn Melican
|
0-0: Fly out, F7 (Line Drive, 78S)
|
Top of the 6th over - 0 run(s), 0 hit(s), 0 error(s), 0 left on base; Memphis 1 - Salem 4 |
BOTTOM OF THE 6TH |
Salem Silver Souls batting - Pitching for Memphis Blues : LHP António Dávila
|
Batting: RHB Augusto Baiano
|
0-0: Called Strike 0-1: Ball 1-1: Ball 2-1: Ball 3-1: Called Strike 3-2: Foul Ball, location: 2F 3-2: Strikes out swinging
|
Batting: RHB Jaime Rodríguez
|
0-0: Ball 1-0: Ball 2-0: Ball 3-0: Base on Balls
|
Batting: SHB Tony Yan
|
0-0: Ball 1-0: Foul Ball, location: 2F 1-1: Called Strike 1-2: Foul Ball, location: 2F 1-2: Foul Ball, location: 2F 1-2: Ball 2-2: Foul Ball, location: 2F 2-2: SINGLE (Flyball, 8LS) Jaime Rodríguez to second Runner from 2nd tries for 3rd, SAFE, throw made to third
|
Batting: RHB Brian Dixon
|
0-0: Ball Tony Yan steals 2nd base 1-0: Ball 2-0: Ball 3-0: Called Strike 3-1: Foul Ball, location: 2F 3-2: Strikes out swinging
|
Batting: LHB Nick Scott
|
0-0: Ball 1-0: Called Strike 1-1: Called Strike 1-2: Foul Ball, location: 2F 1-2: Foul Ball, location: 2F 1-2: Ground out 6-3 (Groundball, 6M)
|
Bottom of the 6th over - 0 run(s), 1 hit(s), 0 error(s), 2 left on base; Memphis 1 - Salem 4 |
TOP OF THE 7TH |
Memphis Blues batting - Pitching for Salem Silver Souls : RHP António Rodríguez
|
Batting: LHB Phil Cantrell
|
0-0: Foul Ball, location: 2F 0-1: Called Strike 0-2: Ball 1-2: Strikes out swinging, 2-3 out at first.
|
Batting: RHB José Velázquez
|
0-0: Ball 1-0: Ball 2-0: Called Strike 2-1: Called Strike 2-2: Foul Ball, location: 2F 2-2: Strikes out swinging
|
Batting: RHB Irwin Duncan
|
0-0: Fly out, F7 (Flyball, 7)
|
Top of the 7th over - 0 run(s), 0 hit(s), 0 error(s), 0 left on base; Memphis 1 - Salem 4 |
BOTTOM OF THE 7TH |
Salem Silver Souls batting - Pitching for Memphis Blues : LHP António Dávila
|
Batting: LHB Ezechiele Bruno
|
0-0: Called Strike 0-1: Ball 1-1: Foul Ball, location: 2F 1-2: Strikes out swinging
|
Batting: RHB Gustavo Pagán
|
0-0: Ball 1-0: Called Strike 1-1: Ball 2-1: Ball 3-1: Swinging Strike 3-2: SINGLE (Line Drive, 7LS)
|
Pitching: RHP David Bates
|
|
Batting: SHB Jesús Sosa
|
0-0: Called Strike 0-1: Swinging Strike 0-2: Ball 1-2: Ball 2-2: Ball 3-2: Strikes out swinging
|
Batting: LHB Hamilton Hughes
|
0-0: Ball 1-0: Foul Ball, location: 2F 1-1: Ball 2-1: Ball 3-1: Fly out, F4 (Popup, 4)
|
Bottom of the 7th over - 0 run(s), 1 hit(s), 0 error(s), 1 left on base; Memphis 1 - Salem 4 |
TOP OF THE 8TH |
Memphis Blues batting - Pitching for Salem Silver Souls : RHP António Rodríguez
|
Batting: RHB Juan Hernández
|
0-0: Foul Ball, location: 2F 0-1: Ball 1-1: Swinging Strike 1-2: Strikes out swinging
|
Batting: SHB Terry Dailey
|
0-0: SINGLE (Flyball, 8LS)
|
Pitching: RHP Tim Cameron
|
|
Batting: RHB Jaime Spiridon
|
0-0: Called Strike 0-1: Foul Ball, location: 2F 0-2: Ball 1-2: Foul Ball, location: 2F 1-2: Ball 2-2: Strikes out swinging
|
Batting: LHB Chris Austin
|
0-0: Ball 1-0: Called Strike 1-1: Ball 2-1: Ball 3-1: Base on Balls Terry Dailey to second
|
Batting: LHB Arturo Rivera
|
0-0: Foul Ball, location: 2F 0-1: Ball 1-1: Foul Ball, location: 2F 1-2: Strikes out swinging
|
Top of the 8th over - 0 run(s), 1 hit(s), 0 error(s), 2 left on base; Memphis 1 - Salem 4 |
BOTTOM OF THE 8TH |
Salem Silver Souls batting - Pitching for Memphis Blues : RHP David Bates
|
Batting: RHB Augusto Baiano
|
0-0: Called Strike 0-1: Ground out 4-3 (Groundball, 4)
|
Batting: RHB Jaime Rodríguez
|
0-0: Foul Ball, location: 2F 0-1: Ball 1-1: Ball 2-1: Called Strike 2-2: Ball 3-2: Strikes out looking
|
Batting: SHB Tony Yan
|
0-0: Ball 1-0: Swinging Strike 1-1: Called Strike 1-2: Ball 2-2: Ball 3-2: Foul Ball, location: 2F 3-2: Fly out, F8 (Line Drive, 8RM)
|
Bottom of the 8th over - 0 run(s), 0 hit(s), 0 error(s), 0 left on base; Memphis 1 - Salem 4 |
TOP OF THE 9TH |
Memphis Blues batting - Pitching for Salem Silver Souls : RHP Tim Cameron
|
Pitching: RHP Taylor Bowen
|
|
Batting: RHB Glenn Melican
|
0-0: Ball 1-0: Swinging Strike 1-1: Ball 2-1: Fly out, F9 (Flyball, 9S)
|
Batting: LHB Phil Cantrell
|
0-0: Called Strike 0-1: Called Strike 0-2: Foul Ball, location: 2F 0-2: Strikes out swinging
|
Batting: RHB José Velázquez
|
0-0: Fly out, F7 (Flyball, 78M)
|
Top of the 9th over - 0 run(s), 0 hit(s), 0 error(s), 0 left on base; Memphis 1 - Salem 4 |
|